 Dungeon Crawl Stone Soup version 0.32-a0-876-gcfddb08e57 (webtiles) character file.

Game seed: 10232057393878650602

1581 ezpacito the Chopper (level 8, -2/63 HPs)
             Began as a Coglin Chaos Knight on Apr 1, 2024.
             Was a Plaything of Xom.
             Slain by an orc warrior
             ... wielding a +0 long sword
              (5 damage)
             ... on level 6 of the Dungeon.
             The game lasted 00:06:13 (4070 turns).

ezpacito the Chopper (Coglin Chaos Knight)          Turns: 4070, Time: 00:06:13

Health: -2/63      AC: 13    Str: 16    XL:     8   Next: 91%
Magic:  11/11      EV:  7    Int: 13    God:    Xom [...*..]
Gold:   225        SH:  0    Dex: 13    Spells: 11/11 levels left

rFire   . . .        r - +2 flail (drain) {Kansuke}
rCold   . . .        a - +0 hand axe (chaos) {Fatehjeet}
rNeg    + + .        v - +0 chain mail
rPois   +            c - +3 helmet of the Elven Halls {^Drain Fly rC+ rN+}
rElec   .            b - scarf "Ywai" {shadows, rPois rC- rN+ Str+2}
rCorr   .            (no gloves)
SInv    .            (no boots)
Will    .....        (amulet unavailable) Stlth
                     (ring unavailable)
HPRegen 0.30/turn    (ring unavailable)
MPRegen 0.12/turn    (no gizmo)

%: no passive effects
@: silenced, flying, revving
A: off-hand wielding, slow wielding, warmup strikes, no jewellery
a: Invent Gizmo, Renounce Religion


You were on level 6 of the Dungeon.
You worshipped Xom.
You were a favourite toy of Xom.
You visited 1 branch of the dungeon, and saw 6 of its levels.

You collected 225 gold pieces.

Inventory:

Hand Weapons
 a - a +0 hand axe of chaos (offhand) {Fatehjeet}
 d - a +0 trident
 r - a +2 flail of draining (weapon) {Kansuke}
Armour
 b - the scarf "Ywai" (worn) {shadows, rPois rC- rN+ Str+2}
   (You acquired it on level 6 of the Dungeon)

   Str+2:     It affects your strength (+2).
   rC-:       It makes you vulnerable to cold.
   rPois:     It protects you from poison.
   rN+:       It protects you from negative energy.
 c - the +3 helmet of the Elven Halls (worn) {^Drain Fly rC+ rN+}
   (You acquired it on level 6 of the Dungeon)

   rC+:       It protects you from cold.
   rN+:       It protects you from negative energy.
   Fly:       It grants you flight.
   ^Drain:    It drains your maximum health when unequipped.
 h - a +0 helmet
 j - a +0 cloak
 v - a +0 chain mail (worn)
Scrolls
 f - a scroll of fear {unknown}
 i - a scroll of revelation {unknown}
 k - a scroll of noise
 n - a scroll of torment {unknown}
 o - a scroll of immolation {unknown}
 t - 4 scrolls of teleportation
Potions
 g - 2 potions of magic
 l - 3 potions of brilliance
 u - a potion of enlightenment


   Skills:
 * Level 5.4 Fighting
 * Level 5.4(5.9) Axes
 + Level 2.9(4.3) Polearms
 * Level 4.5 Armour
 * Level 4.2 Dodging
 + Level 2.5 Stealth
 + Level 2.4 Spellcasting


You had 11 spell levels left.
You didn't know any spells.
Your spell library contained the following spells:

 Spells                   Type           Power      Damage    Failure   Level
 Ensorcelled Hibernation  Hex/Ice        2%         N/A       99%         2
 Hailstorm                Conj/Ice       1%         3d5       100%        3
 Summon Ice Beast         Ice/Summ       1%         N/A       100%        3
 Tukima's Dance           Hex            1%         N/A       100%        3
 Dispel Undead            Necr           1%         3d6       100%        4
 Permafrost Eruption      Ice/Erth       0%         2x4d1     100%        6
 Sculpt Simulacrum        Ice/Alch       0%         N/A       100%        6
 Infestation              Necr           0%         N/A       100%        8


Dungeon Overview and Level Annotations

Branches:
Dungeon (6/15)
 Temple: D:4-7

Altars:
Okawaru
Xom


Innate Abilities, Weirdness & Mutations

You can wield a second weapon in your off-hand.
It takes a long time for you to wield or remove held weapons.
Your first few attacks do less damage.
You cannot equip rings or amulets.


Message History

As you read the scroll labelled LISTRI YCANG, it dissolves into smoke.
It was a scroll of fog.
The white imp barely misses you.
The iguana bites you but does no damage.
The orc warrior throws a boomerang.
The boomerang barely misses you. The adder misses you.
As you read the scroll labelled POIL ZIMOMPES, it crumbles to dust.
A profound silence engulfs you.
It was a scroll of silence.
The orc warrior seems less drained.
The white imp gestures at you.
The puff of frost hits you but does no damage.
The iguana barely misses you.
The orc warrior throws a boomerang.
The boomerang hits you but does no damage.
The adder closely misses you.
Magic scrolls do not work when you're silenced!
The adder attacks as it pursues you! The adder barely misses you.
The orc warrior hits you with a +0 long sword.
* * * LOW HITPOINT WARNING * * *
Items here: $ ( )) †.
You take 4 damage, and have 7/63 hp.
You hit the orc warrior with your +2 flail of draining.
You drain the orc warrior.
The orc warrior is heavily wounded.
You hit the orc warrior with your +0 hand axe of chaos.
The orc warrior appears confused.
You closely miss the adder with your +0 hand axe of chaos.
The adder bites you.
* * * LOW HITPOINT WARNING * * *
The orc warrior hits you with a +0 long sword.
* * * LOW HITPOINT WARNING * * *
The adder barely misses you.
You take 5 damage, and have 2/63 hp.
You slash the orc warrior with your +0 hand axe of chaos!
The orc warrior suddenly stops moving!
The orc warrior is severely wounded.
You hit the adder but do no damage.
The adder is poisoned.
The helpless orc warrior fails to defend itself.
You hit the orc warrior but do no damage.
You drain the orc warrior.
The orc warrior is no longer paralysed.
The orc warrior hits you with a +0 long sword.
You die...

#.#$ ..#(#
########...#
#......c##.#
#.#####.##.## #.#
#.##.§###... #§#
#§##.§5..###
#o#####...c###....
#@#5.......###.#..
#☼S§§.....§o.Y...#
###§........###
#########.######
#..(>........
#.####.###### #.#
..# #####.# ####
#.....#


You could see an orc warrior (confused, very drained) and an adder (very
poisoned).

Vanquished Creatures
  A wyvern (D:6)
  3 ice beasts
  An orc warrior (D:6)
  A black bear (D:5)
  A centaur (D:6)
  2 phantoms
  Blork the orc (D:4)
  A bullfrog (D:6)
  2 scorpions (D:5)
  A killer bee (D:6)
  A bombardier beetle (D:5)
  A hound (D:4)
  3 jellies
  4 iguanas
  3 orc wizards (D:5)
  Robin (D:2)
  8 adders
  3 ufetubi (D:6)
  A ribbon worm (D:5)
  4 dart slugs
  4 orcs
  12 ball pythons
  3 endoplasms (D:1)
  3 giant cockroaches
  11 goblins
  6 hobgoblins
  A quokka (D:4)
  3 bats
  7 kobolds
  4 rats
97 creatures vanquished.

Vanquished Creatures (collateral kills)
  An ogre (D:5)
1 creature vanquished.

Vanquished Creatures (others)
  A black bear (D:6)
  A howler monkey (D:6)
  An iguana (D:6)
  2 adders (D:6)
5 creatures vanquished.

Grand Total: 103 creatures vanquished

Notes
Turn   | Place    | Note
-------+----------+-------------------------------------------
     0 | D:1      | ezpacito the Coglin Chaos Knight began the quest for the
                  | Orb.
     0 | D:1      | Reached XP level 1. HP: 18/18 MP: 1/1
    55 | D:1      | Found a faded altar of an unknown god.
    66 | D:1      | Reached skill level 1 in Dodging
   150 | D:1      | Reached XP level 2. HP: 23/24 MP: 2/2
   325 | D:1      | Reached XP level 3. HP: 29/29 MP: 3/3
   379 | D:1      | Got Lomm's Discourse on the Portentous Ossuary
   484 | D:1      | You fall into a shaft and drop 1 floor!
   590 | D:2      | Noticed Robin
   605 | D:2      | Killed Robin
   606 | D:2      | Reached XP level 4. HP: 34/35 MP: 4/4
   782 | D:2      | XOM: silly message
  1739 | D:3      | XOM: 3-stop teleportation journey
  1867 | D:3      | Reached skill level 1 in Polearms
  2023 | D:3      | Reached XP level 5. HP: 41/41 MP: 6/6
  2056 | D:3      | XOM: noise
  2285 | D:4      | Noticed Blork the orc
  2294 | D:4      | Killed Blork the orc
  2295 | D:4      | Reached skill level 1 in Stealth
  2295 | D:4      | Reached skill level 1 in Spellcasting
  2295 | D:4      | Reached XP level 6. HP: 35/48 MP: 7/7
  2392 | D:4      | XOM: blink monster(s)
  2700 | D:5      | Entered Level 5 of the Dungeon
  2702 | D:5      | Noticed an ice beast
  2705 | D:5      | XOM: enchant monster (good)
  2709 | D:5      | Killed an ice beast
  2756 | D:5      | Noticed a black bear
  2764 | D:5      | Killed a black bear
  2765 | D:5      | Reached XP level 7. HP: 50/54 MP: 7/9
  2776 | D:5      | XOM: confusion
  2779 | D:5      | XOM: 8-stop teleportation journey
  2859 | D:5      | Found an iron altar of Okawaru.
  2884 | D:5      | XOM: summons friendly ufetubus
  3203 | D:5      | XOM: summons 4 friendly demons
  3253 | D:5      | Reached XP level 8. HP: 61/61 MP: 10/10
  3369 | D:5      | XOM: god gift: 23 gold pieces
  3799 | D:6      | Noticed a two-headed ogre
  3800 | D:6      | Found a shimmering altar of Xom.
  3820 | D:6      | Reached skill level 5 in Axes
  3827 | D:6      | Noticed a wyvern
  3832 | D:6      | XOM: enchant monster (bad)
  3844 | D:6      | Killed a wyvern
  3845 | D:6      | Reached skill level 5 in Fighting
  3969 | D:6      | Identified 2 scrolls of acquirement
  3969 | D:6      | Acquired the scarf "Ywai" {shadows, rPois rC- rN+ Str+2}
  3971 | D:6      | Acquired the +3 helmet of the Elven Halls {^Drain Fly rC+
                  | rN+}
  4069 | D:6      | HP: 2/63 [orc warrior/+0 long sword (3)]
  4070 | D:6      | Slain by an orc warrior

Illustrated notes

Levels and vault maps discovered:
D:1:      dpeg_arrival_stone_temple_mockup, layout_basic,
          ebering_ecumenical_altar_rust, minmay_crystal_room,
          kennysheep_another_room
D:2:      layout_loops_ring, uniq_robin
D:3:      layout_basic, guppyfry_early_lair_pool
D:4:      layout_cave_pools, chequers_serial_rivers_large_b,
          kennysheep_generic_room_11, uniq_blork_the_orc
D:5:      layout_basic, okawaru_trees_1
D:6:      layout_basic, xom_confusion_cloud, gammafunk_temple_overflow_pools,
          minmay_alternating_orb

Skill      XL: |  1  2  3  4  5  6  7  8 |
---------------+-------------------------+-----
Dodging        | 1 2 3 4 |  4.2
Armour         | 2 3 4 |  4.5
Polearms       | 1 2 |  2.9
Stealth        | 1 2 |  2.5
Spellcasting   | 1 2 |  2.4
Axes           | 4 5 |  5.4
Fighting       | 4 5 |  5.4

Action                     |  1- 3 |  4- 6 |  7- 9 || total
---------------------------+-------+-------+-------++-------
  Melee: Hand axe          |    63 |    73 |    80 ||   216
         Dagger            |    60 |    26 |       ||    86
         Flail             |       |    48 |    82 ||   130
    Use: Potion            |     2 |     1 |     4 ||     7
         Scroll            |       |     4 |    10 ||    14
   Stab: Paralysed         |     1 |       |     1 ||     2
         Sleeping          |       |     5 |       ||     5
         Petrified         |       |     2 |       ||     2
         Petrifying        |       |     1 |       ||     1
         Confused          |       |       |     2 ||     2
 Armour: Leather armour    |    48 |    54 |    29 ||   131
         Chain mail        |       |       |    94 ||    94
  Dodge: Dodged            |    35 |    45 |    58 ||   138

Table legend: (Time is in decaauts)
 A = Elapsed time spent in this place.
 B = Non-inter-level travel time spent in this place.
 C = Inter-level travel time spent in this place.
 D = Time resting spent in this place.
 E = Time spent auto-exploring this place.
 F = Levels seen in this place.
 G = Mean time per level.
                   A        B        C        D        E       F      G
               +--------+--------+--------+--------+--------+-----+--------+
         Total |   4125 |   3968 |    157 |    116 |   3132 |   6 |  687.5 |
       Dungeon |   4125 |   3968 |    157 |    116 |   3132 |   6 |  687.5 |
               +--------+--------+--------+--------+--------+-----+--------+

Top non-repeatable levels by time:
     D:5: 1038 daAuts
     D:3: 797 daAuts
     D:2: 790 daAuts
     D:4: 599 daAuts
     D:1: 552 daAuts
     D:6: 346 daAuts
